 Dungeon Crawl Stone Soup version 0.29.1-13-g9f3cf754e1 (webtiles) character file.

Game seed: 17933697968929765120

7 hawla the Firebug (level 2, -7/24 HPs)
             Began as an Ogre Fire Elementalist on Jan 24, 2023.
             Mangled by an ogre
             ... wielding a +0 giant spiked club
              (29 damage)
             ... on level 4 of the Dungeon.
             The game lasted 00:02:32 (540 turns).

hawla the Firebug (Ogre Fire Elementalist)           Turns: 540, Time: 00:02:33

Health: -7/24      AC:  4    Str: 11    XL:     2   Next: 0%
Magic:  0/5        EV:  9    Int: 16    God:
Gold:   23         SH:  0    Dex:  9    Spells: 4/5 levels left

rFire   . . .      SeeInvis .   (no weapon)
rCold   . . .      Faith    .   (no shield)
rNeg    . . .      Spirit   .   a - +0 robe
rPois   .          Reflect  .   (helmet restricted)
rElec   .          Harm     .   c - +0 cloak
rCorr   .          Rampage  .   (gloves unavailable)
Will    .....                   (boots unavailable)
Stlth   ++........              (no amulet)
HPRegen 0.08/turn               (no ring)
MPRegen 0.09/turn               (no ring)

@: hasted, very quick
A: large, unfitting armour, tough skin 1
a: no special abilities


You were on level 4 of the Dungeon.
You visited 1 branch of the dungeon, and saw 4 of its levels.

You collected 23 gold pieces.

Inventory:

Missiles
 g - 6 atropa-tipped darts
Armour
 a - a +0 robe (worn)
 c - a +0 cloak (worn)
Wands
 f - a wand of iceblast (8) (quivered)
Potions
 e - a potion of haste


   Skills:
 + Level 1.7 Dodging
 + Level 1.6 Stealth
 + Level 2.4 Spellcasting
 + Level 0.8 Conjurations
 + Level 2.9 Fire Magic


You had 4 spell levels left.
You knew the following spells:

 Your Spells              Type           Power      Damage    Failure   Level
a - Foxfire               Conj/Fire      32%        2x1d5     9%          1

Your spell library contained the following spells:

 Spells                   Type           Power      Damage    Failure   Level
 Scorch                   Fire           22%        2d6       9%          2
 Conjure Flame            Conj/Fire      8%         6-21      26%         3
 Inner Flame              Hex/Fire       6%         N/A       32%         3
 Flame Wave               Conj/Fire      8%         2d5       65%         4


Dungeon Overview and Level Annotations

Branches:
Dungeon (4/15)
 Temple: D:4-7

Altars:
Yredelemnul


Innate Abilities, Weirdness & Mutations

You are too large for most types of armour.
You have tough skin. (AC +1)


Message History

The ogre shouts!
Found a stone staircase leading down.
Found Ozocubu's Autobiography.
As you read the scroll labelled NIBBI DACUO, it crumbles to dust.
It is a scroll of amnesia.
Really abort (and waste the scroll)?
Okay, then.
Unknown command.
Casting: Foxfire (safe; 9% risk of failure)
Confirm with . or Enter, or press ? or * to list all spells.
You conjure some foxfire!
The ball python hisses angrily.
Casting: Foxfire (safe; 9% risk of failure)
Confirm with . or Enter, or press ? or * to list all spells.
You conjure some foxfire!
The foxfire hits the ogre.
The ogre is lightly wounded.
The foxfire hits the ball python.
The ball python is moderately wounded.
The foxfire hits the ogre.
The ogre is moderately wounded.
You hit the ogre but do no damage.
The ogre is moderately wounded.
The foxfire hits the ball python.
The ball python is severely wounded.
You hit the ogre.
The ogre is moderately wounded.
The ball python bites you.
You barely miss the ogre.
The ogre is moderately wounded.
The ogre barely misses you.
The ball python bites you but does no damage.
You hit the ogre but do no damage.
The ogre is moderately wounded.
Unknown command.
You barely miss the ogre.
The ogre is moderately wounded.
The ball python bites you but does no damage.
The ogre hits you with a +0 giant spiked club!!
Ouch! That really hurt!
You die...

.........##............
..........##............
..........#.............
..........#.............
.>.......#..###.#######.
...........## ### ##
...........#
....?.S...## :.....O@.##
..?......# ....$..#.#
.....##### ..### #


You could see an ogre and a ball python.

Vanquished Creatures
  3 endoplasms
  A giant cockroach (D:1)
  A frilled lizard (D:3)
  A rat (D:1)
6 creatures vanquished.

Vanquished Creatures (others)
  25 foxfires
  A withered plant (D:2)
26 creatures vanquished.

Grand Total: 32 creatures vanquished

Notes
Turn   | Place    | Note
-------+----------+-------------------------------------------
     0 | D:1      | hawla the Ogre Fire Elementalist began the quest for the
                  | Orb.
     0 | D:1      | Reached XP level 1. HP: 16/16 MP: 3/3
   493 | D:4      | Reached XP level 2. HP: 23/24 MP: 1/5
   495 | D:4      | Found a basalt altar of Yredelemnul.
   530 | D:4      | Noticed an ogre
   540 | D:4      | Mangled by an ogre

Illustrated notes

Levels and vault maps discovered:
D:1:      dpeg_arrival_erosion, layout_basic, basic_ecumenical_altar
D:2:      layout_basic, serial_undead, serial_undead_c, serial_undead_c,
          serial_undead_f, serial_undead_b
D:3:      layout_rooms, general_overflow_altar
D:4:      layout_cave_pods, lemuel_crystal_altar, minmay_misc_feat_x,
          uniq_eustachio

Action                   || total
-------------------------++-------
Melee: Unarmed           ||    16
 Cast: Foxfire           ||    15
  Use: Potion            ||     2
       Scroll            ||     1
 Stab: Sleeping          ||     1
Armor: Robe              ||     7
Dodge: Dodged            ||     5
